 Dungeon Crawl Stone Soup version 0.28-a0-861-ge64d6db94f (webtiles) character file.

Game seed: 4504278136180720160

58 freelancePsychic the Fighter (level 4, -1/45 HPs)
             Began as a Gnoll Wanderer on Nov 16, 2021.
             Slain by Robin (8 damage)
             ... on level 2 of the Dungeon.
             The game lasted 00:03:03 (1635 turns).

freelancePsychic the Fighter (Gnoll Wanderer)       Turns: 1635, Time: 00:03:04

Health: -1/45      AC:  2    Str: 12    XL:     4   Next: 2%
Magic:  5/5        EV: 11    Int: 13    God:
Gold:   13         SH:  0    Dex: 10    Spells: 5/5 levels left

rFire   . . .      SeeInvis .   a - +2 quarterstaff
rCold   . . .      Faith    .   (shield currently unavailable)
rNeg    . . .      Spirit   .   d - +0 robe
rPois   .          Reflect  .   (no helmet)
rElec   .          Harm     .   (no cloak)
rCorr   .          Rampage  .   (no gloves)
Will    .....                   (no boots)
Stlth   ++........              (no amulet)
HPRegen 0.15/turn               (no ring)
MPRegen 0.09/turn               (no ring)

@: no status effects
A: fangs 1, strong nose, distributed training
a: no special abilities


You were on level 2 of the Dungeon.
You visited 1 branch of the dungeon, and saw 2 of its levels.

You collected 13 gold pieces.

Inventory:

Hand Weapons
 a - a +2 quarterstaff (weapon)
Armour
 d - a +0 robe (worn)
Scrolls
 e - a scroll of identify {unknown}
 f - 2 scrolls of teleportation {unknown}
 g - a scroll of silence {unknown}
Potions
 h - 3 potions of attraction


   Skills:
 + Level 8.5 Fighting
 + Level 1.0 Short Blades
 + Level 1.0 Long Blades
 + Level 1.0 Axes
 + Level 1.0 Maces & Flails
 + Level 1.0 Polearms
 + Level 6.5 Staves
 + Level 1.0 Slings
 + Level 1.0 Bows
 + Level 1.0 Crossbows
 + Level 2.7 Throwing
 + Level 1.0 Armour
 + Level 1.0 Dodging
 + Level 2.5 Stealth
 + Level 2.7 Shields
 + Level 1.0 Unarmed Combat
 + Level 1.0 Spellcasting
 + Level 0.7 Conjurations
 + Level 0.7 Hexes
 + Level 0.7 Summonings
 + Level 0.7 Necromancy
 + Level 0.7 Translocations
 + Level 0.7 Transmutations
 + Level 0.7 Fire Magic
 + Level 0.7 Ice Magic
 + Level 0.7 Air Magic
 + Level 0.7 Earth Magic
 + Level 0.7 Poison Magic
 + Level 1.1 Invocations
 + Level 1.0 Evocations


You had 5 spell levels left.
You didn't know any spells.
Your spell library contained the following spells:

 Spells                   Type           Power      Damage    Failure   Level
 Freeze                   Ice            8%         1d3       21%         1
 Scorch                   Fire           4%         2d5       30%         2
 Frozen Ramparts          Ice            4%         1d2       52%         3
 Flame Wave               Conj/Fire      2%         3d3       90%         4
 Hailstorm                Conj/Ice       2%         3d3       90%         4
 Summon Cactus Giant      Summ           1%         N/A       100%        6


Dungeon Overview and Level Annotations

Branches:
Dungeon (2/15)

Altars:

Annotations:
D:2 Robin


Innate Abilities, Weirdness & Mutations

You have very sharp teeth.
Your uncanny sense of smell can sniff out nearby items.
Your experience applies equally to all skills.


Message History

Your Axes skill increases to level 1!
Your Maces & Flails skill increases to level 1!
Your Polearms skill increases to level 1!
Your Slings skill increases to level 1!
Your Bows skill increases to level 1!
Your Crossbows skill increases to level 1!
Your Armour skill increases to level 1!
Your Dodging skill increases to level 1!
Your Unarmed Combat skill increases to level 1!
Your Spellcasting skill increases to level 1!
Your Evocations skill increases to level 1!
You have reached level 4!
You feel clever.
You barely miss the rat.
You feel sick. The rat bites you.
You barely miss the rat. Your bite misses the rat.
You feel sick. The rat closely misses you.
You sock the rat!
You kill the rat!
You feel sick.
You hit Robin.
Robin is lightly wounded.
You feel sick.
You are no longer poisoned.
Robin points. "Kill!"
Robin hits you with a +2 vorpal falchion.
* * * LOW HITPOINT WARNING * * *
You hit Robin but do no damage. You bite Robin.
Robin is lightly wounded.
Robin hits you with a +2 vorpal falchion.
* * * LOW HITPOINT WARNING * * *
x2 You hit Robin.
Robin is moderately wounded.
Robin hits you with a +2 vorpal falchion.
* * * LOW HITPOINT WARNING * * *
x2 You thump Robin!
You bite Robin, but do no damage.
Robin is severely wounded.
Robin barely misses you.
You hit Robin. You bite Robin, but do no damage.
Robin is almost dead.
Robin hits you with a +2 vorpal falchion!
You die...

######### #.......#
#.......# # #.......#
# #.......# #
#############.......#
#
....................#
#
......g.#####.......#
# #######@# ###..####
# #†# ##.# #
#.########.#######
........†.........
#.#########.###...
#.# #..##... #.. ∆∆
##.##... #.. #..#...
##.####


You could see Robin.

Vanquished Creatures
  An adder (D:2)
  A dart slug (D:1)
  3 ball pythons
  2 endoplasms
  4 giant cockroaches (D:1)
  9 goblins
  6 hobgoblins
  3 quokkas
  5 bats
  2 frilled lizards (D:1)
  2 kobolds
  4 rats
42 creatures vanquished.

Notes
Turn   | Place    | Note
-------+----------+-------------------------------------------
     0 | D:1      | freelancePsychic the Gnoll Wanderer began the quest for the
                  | Orb.
     0 | D:1      | freelancePsychic set off with the following items: a +2
                  | quarterstaff, a potion of lignification, a potion of curing
                  | {@q1}, a +0 robe
     0 | D:1      | Reached XP level 1. HP: 26/26 MP: 1/1
    99 | D:1      | Reached XP level 2. HP: 21/33 MP: 2/2
   563 | D:1      | Found a faded altar of an unknown god.
   726 | D:1      | Reached XP level 3. HP: 38/38 MP: 3/3
  1014 | D:2      | Identified the +1 helmet of Repulsion {Int+2}
  1014 | D:2      | Noticed Robin
  1042 | D:2      | Reached skill level 1 in Invocations
  1628 | D:2      | Reached skill level 1 in Short Blades
  1628 | D:2      | Reached skill level 1 in Long Blades
  1628 | D:2      | Reached skill level 1 in Axes
  1628 | D:2      | Reached skill level 1 in Maces & Flails
  1628 | D:2      | Reached skill level 1 in Polearms
  1628 | D:2      | Reached skill level 1 in Slings
  1628 | D:2      | Reached skill level 1 in Bows
  1628 | D:2      | Reached skill level 1 in Crossbows
  1628 | D:2      | Reached skill level 1 in Armour
  1628 | D:2      | Reached skill level 1 in Dodging
  1628 | D:2      | Reached skill level 1 in Unarmed Combat
  1628 | D:2      | Reached skill level 1 in Spellcasting
  1628 | D:2      | Reached skill level 1 in Evocations
  1628 | D:2      | Reached XP level 4. HP: 24/45 MP: 5/5
  1635 | D:2      | Slain by Robin

Illustrated notes

Levels and vault maps discovered:
D:1:      dpeg_arrival_houses_and_road, layout_basic,
          chequers_ecumenical_altar_simple, roderic_lattice_a
D:2:      layout_basic, uniq_robin

Skill      XL: |  1  2  3 |
---------------+----------+-----
Invocations    | 1 |  1.1
Short Blades   | 1 |  1.0
Long Blades    | 1 |  1.0
Axes           | 1 |  1.0
Maces & Flails | 1 |  1.0
Polearms       | 1 |  1.0
Slings         | 1 |  1.0
Bows           | 1 |  1.0
Crossbows      | 1 |  1.0
Armour         | 1 |  1.0
Dodging        | 1 |  1.0
Unarmed Combat | 1 |  1.0
Spellcasting   | 1 |  1.0
Evocations     | 1 |  1.0
Fighting       | |  8.5
Staves         | |  6.5
Throwing       | |  2.7
Stealth        | |  2.5
Shields        | |  2.7
Conjurations   | |  0.7
Hexes          | |  0.7
Summonings     | |  0.7
Necromancy     | |  0.7
Translocations | |  0.7
Transmutations | |  0.7
Fire Magic     | |  0.7
Ice Magic      | |  0.7
Air Magic      | |  0.7
Earth Magic    | |  0.7
Poison Magic   | |  0.7

Action                   |  1- 3 |  4- 6 || total
-------------------------+-------+-------++-------
Melee: Quarterstaff      |    89 |     8 ||    97
       Bite              |     2 |     3 ||     5
  Use: Scroll            |     1 |       ||     1
       Potion            |     5 |       ||     5
 Stab: Sleeping          |     4 |       ||     4
Armor: Robe              |    13 |       ||    13
       Skin              |    51 |       ||    51
Dodge: Dodged            |    37 |     2 ||    39

Table legend: (Time is in decaauts)
 A = Elapsed time spent in this place.
 B = Non-inter-level travel time spent in this place.
 C = Inter-level travel time spent in this place.
 D = Time resting spent in this place.
 E = Time spent auto-exploring this place.
 F = Levels seen in this place.
 G = Mean time per level.
                   A        B        C        D        E       F      G
               +--------+--------+--------+--------+--------+-----+--------+
         Total |   1632 |   1590 |     42 |    216 |   1079 |   2 |  816.0 |
       Dungeon |   1632 |   1590 |     42 |    216 |   1079 |   2 |  816.0 |
               +--------+--------+--------+--------+--------+-----+--------+

Top non-repeatable levels by time:
     D:1: 1092 daAuts
     D:2: 540 daAuts
